 Dungeon Crawl Stone Soup version 0.32-a0-893-gf85d74f360 (webtiles) character file.

Game seed: 9689891448215316976

38740 shadizar the Thaumaturge (level 14, -2/103 HPs)
             Began as a Djinni Conjurer on Apr 3, 2024.
             Was a High Priest of Makhleb.
             Slain by a five-headed hydra (13 damage)
             ... on level 5 of the Lair of Beasts.
             The game lasted 00:21:33 (12761 turns).

shadizar the Thaumaturge (Djinni Conjurer)         Turns: 12761, Time: 00:21:34

Health: -2/103     AC:  6    Str: 12    XL:     14   Next: 35%
Gold:   683        EV: 15    Int: 24    God:    Makhleb [*****.] SH:  0 Dex: 13

rFire   + + +        t - staff of fire
rCold   . . .        (no shield)
rNeg    . . .        a - +0 robe
rPois   ∞            u - +0 helmet
rElec   .            (no cloak)
rCorr   .            g - +1 pair of gloves
SInv    .            (boots unavailable)
Will    +....        v - amulet of regeneration
Stlth   +++          x - +6 ring of strength
HPRegen 1.17/turn    y - ring of protection from cold
MPRegen 0.00/turn

%: infuse magic (-3 HP)
@: flying, studying Long Blades
A: sickness immunity, fire resistance 2, cold vulnerability 1, float, innate
caster, HP casting, extra vitality 1
a: Renounce Religion, Minor Destruction, Lesser Servant of Makhleb, Major
Destruction, Greater Servant of Makhleb


You were on level 5 of the Lair of Beasts.
You worshipped Makhleb.
Makhleb was extremely pleased with you.
You visited 3 branches of the dungeon, and saw 15 of its levels.

You collected 683 gold pieces.

Inventory:

Armour
 a - a +0 robe (worn)
 g - a +1 pair of gloves (worn)
 u - a +0 helmet (worn)
 F - a +0 hat of stealth
Magical Staves
 t - a staff of fire (weapon)
 B - a staff of death
Jewellery
 v - an amulet of regeneration (around neck)
 x - a +6 ring of strength (left hand)
 y - a ring of protection from cold (right hand)
 A - a +4 ring of protection
 E - a +4 ring of protection
Wands
 r - a wand of mindburst (12)
 s - a wand of paralysis (24)
 w - a wand of flame (46)
 z - a wand of polymorph (6)
 H - a wand of warping (3)
Scrolls
 b - 2 scrolls of teleportation
 c - 2 scrolls of blinking
 e - a scroll of butterflies
 f - 3 scrolls of enchant weapon
 h - 2 scrolls of silence
 m - a scroll of fear
 n - 4 scrolls of identify
 o - a scroll of vulnerability {unknown}
 p - a scroll of enchant armour
 G - a scroll of fog
 I - a scroll of revelation
 J - a scroll of immolation
Potions
 d - 2 potions of haste
 i - 7 potions of heal wounds
 j - 3 potions of mutation
 k - 2 potions of resistance
 l - 3 potions of curing
 q - 2 potions of enlightenment
 C - a potion of cancellation
 D - a potion of invisibility


   Skills:
 + Level 10.3 Fighting
 + Level 8.8 Armour
 + Level 9.9 Dodging
 - Level 5.3 Stealth
 * Level 13.7 Spellcasting
 * Level 13.7 Conjurations
 * Level 13.7 Hexes
   Level 0.0 Charms
 * Level 13.7 Summonings
 * Level 13.7 Necromancy
 * Level 13.7 Translocations
   Level 0.0 Transmutations
 * Level 13.7 Fire Magic
 * Level 13.7 Ice Magic
 * Level 13.7 Air Magic
 * Level 13.7 Earth Magic
 * Level 13.7 Alchemy


You knew the following spells:

 Your Spells              Type           Power      Damage    Failure   Level
a - Magic Dart            Conj           100%       1d8       0%          1
b - Searing Ray           Conj           100%       2d8       1%          2
c - Fulminant Prism       Conj/Alch      35%        3d18      1%          4
d - Iskenderun's Mystic   Conj/Tloc      70%        2d14      (+2d81%     4
e - Shock                 Conj/Air       100%       1d9       0%          1
f - Blink                 Tloc           100%       N/A       1%          2
g - Confusing Touch       Hex            70%        N/A       1%          3
h - Anguish               Hex/Necr       35%        N/A       1%          4
i - Olgreb's Toxic Radia  Alch           70%        N/A       1%          4
j - Silence               Hex/Air        35%        N/A       1%          5
Your spell library was empty.

Dungeon Overview and Level Annotations

Branches:
Dungeon (9/15)             Temple (1/1) D:5            Lair (5/5) D:8
 Shoals (0/4) Lair:3        Snake (0/4) Lair:3
  Slime: Lair:4-5       Orc: D:9-12

Altars:
Ashenzari
Cheibriados
Dithmenos
Elyvilon
Fedhas
Gozag
Hepliaklqana
Makhleb
Nemelex Xobeh
Okawaru
Qazlal
Ru
Trog
Uskayaw
Wu Jian
Xom
Yredelemnul
Zin
The Shining One


Innate Abilities, Weirdness & Mutations

You are immune to sickness and miasma.
You are immune to poison.
Your flesh is very heat resistant. (rF++)
You are vulnerable to cold. (rC-)
You float through the air rather than walking.
You learn spells naturally, not from books.
Your magical power is your life essence.
You have superior vitality. (+4 MHP)


Message History

Unknown command.
Unknown command.
Unknown command.
A cane toad comes into view.
Casting: Olgreb's Toxic Radiance (safe; 1% risk of failure)
Confirm with . or Enter, or press ? or * to list all spells.
You erupt in a blast of force!
The mystic blast hits the cane toad!
The cane toad is moderately wounded.
The cane toad is knocked back by the mystic blast.
The mystic blast hits the five-headed hydra!
The five-headed hydra is moderately wounded.
Your toxic aura wanes.
The five-headed hydra bites you!
The five-headed hydra closely misses you.
The five-headed hydra bites you! x2
* * * LOW HITPOINT WARNING * * *
The five-headed hydra barely misses you.
Unknown command.
Unknown command.
Unknown command.
Unknown command.
Unknown command.
Unknown command.
Unknown command.
Unknown command.
Unknown command.
Casting: Iskenderun's Mystic Blast (safe; 1% risk of failure)
Confirm with . or Enter, or press ? or * to list all spells.
You erupt in a blast of force!
The mystic blast hits the five-headed hydra!!
The five-headed hydra is heavily wounded.
* * * LOW HITPOINT WARNING * * *
You hear an angry hiss.
A black mamba comes into view.
The five-headed hydra bites you but does no damage.
The five-headed hydra bites you!
* * * LOW HITPOINT WARNING * * *
The five-headed hydra barely misses you. x2
The five-headed hydra bites you!
You die...

#.##### #### #
######.#..###..#####
..#...#.#.#..#.#.....##
......................#
......................#
......<.†††...........# .
.......†............[.#..F
...#.###..#.#†.†#....F.#
##### #######.†@†....P#
#.††#†D!...## #††††.....P#
###.~.~:..~~..
~~.†F~.~~.....
..~...~~~~~~~P.
..~~≈~~~~~~#≈~~≈
~S~~~≈≈~~~~###≈~


You could see a five-headed hydra, a black mamba and 2 cane toads.

Vanquished Creatures
  Gastronok (Lair:2)
  3 catoblepae
  3 hydras
  Erica (D:8)
  2 two-headed ogres (D:9)
  4 death yaks (Lair:2)
  Nergalle (Lair:2)
  A skyshark (Lair:5)
  2 manticores (Lair:4)
  8 elephants (Lair:4)
  A torpor snail (Lair:2)
  3 black mambas
  18 cane toads
  Jeremiah (D:6)
  3 kobold demonologists (D:9)
  11 komodo dragons
  A hornet (Lair:2)
  14 blink frogs
  2 tyrant leeches (Lair:5)
  6 dream sheep (Lair:4)
  A snapping turtle (Lair:3)
  A water elemental (Lair:3)
  3 wyverns
  11 yaks
  A shadow (D:9)
  3 basilisks
  Grum (D:8)
  A wraith (D:8)
  4 vampire mosquitoes (Lair:5)
  6 nagas (Lair:3)
  11 water moccasins
  An ice beast (D:7)
  A sky beast (D:7)
  4 black bears
  12 wolves
  3 centaurs
  An ogre (D:5)
  3 kobold brigands
  13 bullfrogs
  A gnoll sergeant (D:9)
  2 scorpions
  9 wights
  8 killer bees (D:9)
  5 electric eels
  5 howler monkeys
  A bombardier beetle (D:6)
  2 jellies (D:6)
  An orc priest (D:9)
  A gnoll bouda (D:9)
  2 hounds (D:4)
  4 sleepcaps
  4 iguanas
  Jessica (D:2)
  2 orc wizards (D:6)
  Robin (D:3)
  8 gnolls (D:9)
  6 adders
  A shadow imp (D:5)
  A white imp (D:7)
  4 dart slugs
  3 ribbon worms
  10 orcs
  4 endoplasms
  5 giant cockroaches
  11 goblins
  9 hobgoblins
  3 jackals (D:1)
  2 quokkas
  6 ball pythons
  8 bats
  3 frilled lizards
  15 kobolds
  2 rats
  A fulminant prism (Lair:4)
318 creatures vanquished.

Vanquished Creatures (others)
  A skyshark (Lair:5)
  A blink frog (Lair:5)
  47 fulminant prisms
49 creatures vanquished.

Grand Total: 367 creatures vanquished

Notes
Turn   | Place    | Note
-------+----------+-------------------------------------------
     0 | D:1      | shadizar the Djinni Conjurer began the quest for the Orb.
     0 | D:1      | shadizar set off with the following spells memorised: Magic
                  | Dart, Searing Ray, Fulminant Prism, Iskenderun's Mystic
                  | Blast.
     0 | D:1      | Reached XP level 1. HP: 15/15 MP: 0/0
   141 | D:1      | Reached XP level 2. HP: 21/21 MP: 0/0
   626 | D:1      | Reached XP level 3. HP: 23/25 MP: 0/0
   626 | D:1      | Learned a level 1 spell: Shock
  1068 | D:2      | Noticed Jessica
  1072 | D:2      | Killed Jessica
  1073 | D:2      | Reached XP level 4. HP: 29/31 MP: 0/0
  1583 | D:2      | Reached XP level 5. HP: 33/35 MP: 0/0
  1583 | D:2      | Learned a level 2 spell: Blink
  1627 | D:2      | Found a faded altar of an unknown god.
  1719 | D:3      | Reached skill level 5 in Spellcasting
  1719 | D:3      | Reached skill level 5 in Conjurations
  1719 | D:3      | Reached skill level 5 in Hexes
  1719 | D:3      | Reached skill level 5 in Summonings
  1719 | D:3      | Reached skill level 5 in Necromancy
  1719 | D:3      | Reached skill level 5 in Translocations
  1719 | D:3      | Reached skill level 5 in Fire Magic
  1719 | D:3      | Reached skill level 5 in Ice Magic
  1719 | D:3      | Reached skill level 5 in Air Magic
  1719 | D:3      | Reached skill level 5 in Earth Magic
  1719 | D:3      | Reached skill level 5 in Alchemy
  1735 | D:3      | Found a glowing silver altar of Zin.
  2381 | D:3      | Found a basalt altar of Yredelemnul.
  2384 | D:3      | Found a sacrificial altar of Ru.
  3247 | D:4      | Noticed a black bear
  3256 | D:4      | Killed a black bear
  3257 | D:4      | Reached XP level 6. HP: 28/40 MP: 0/0
  3581 | D:4      | Reached XP level 7. HP: 32/45 MP: 0/0
  3581 | D:4      | Learned a level 3 spell: Confusing Touch
  4665 | D:3      | Noticed Robin
  4673 | D:3      | Killed Robin
  4896 | D:5      | Entered Level 5 of the Dungeon
  4897 | D:5      | Found a staircase to the Ecumenical Temple.
  5192 | D:5      | Reached skill level 1 in Fighting
  5192 | D:5      | Reached skill level 1 in Armour
  5287 | D:5      | Reached XP level 8. HP: 43/52 MP: 0/0
  5718 | D:6      | Found a hide-covered altar of Uskayaw.
  5821 | Temple   | Entered the Ecumenical Temple
  5831 | Temple   | Became a worshipper of Makhleb the Destroyer
  5857 | D:6      | Noticed Jeremiah
  6019 | D:6      | Killed Jeremiah
  6021 | D:6      | Noticed a wyvern
  6030 | D:6      | Killed a wyvern
  6031 | D:6      | Reached skill level 5 in Dodging
  6031 | D:6      | Reached XP level 9. HP: 19/62 MP: 0/0
  6031 | D:6      | Learned a level 4 spell: Anguish
  6788 | D:7      | Reached skill level 5 in Fighting
  6788 | D:7      | Reached skill level 5 in Armour
  7150 | D:7      | Identified the +5 broad axe of Gallantry {drain, Int+6}
  7746 | D:8      | Found a staircase to the Lair.
  7760 | D:8      | Noticed Erica
  7841 | D:8      | Killed Erica
  7842 | D:8      | Reached XP level 10. HP: 59/72 MP: 0/0
  8011 | D:8      | Identified the +3 chain mail of the Soldier {rF+ Str+3}
  8034 | D:8      | Found a snail-covered altar of Cheibriados.
  8104 | D:8      | Noticed Grum
  8113 | D:8      | Killed Grum
  8118 | D:8      | Reached * piety under Makhleb
  8458 | D:9      | Noticed a kobold demonologist
  8458 | D:9      | Noticed a kobold demonologist
  8460 | D:9      | Noticed a kobold demonologist
  8464 | D:9      | Killed a kobold demonologist
  8465 | D:9      | Noticed a rust devil
  8470 | D:9      | Killed a kobold demonologist
  8470 | D:9      | Killed a kobold demonologist
  8511 | D:9      | Noticed a two-headed ogre
  8524 | D:9      | Killed a two-headed ogre
  8552 | D:9      | Found a stormy altar of Qazlal.
  8587 | D:9      | Reached XP level 11. HP: 67/79 MP: 0/0
  8587 | D:9      | Learned a level 4 spell: Olgreb's Toxic Radiance
  8741 | D:9      | Noticed a two-headed ogre
  8750 | D:9      | Reached ** piety under Makhleb
  8753 | D:9      | Killed a two-headed ogre
  9130 | Lair:1   | Entered Level 1 of the Lair of Beasts
  9139 | Lair:1   | Reached skill level 5 in Stealth
  9786 | Lair:2   | Noticed Gastronok
  9807 | Lair:2   | Killed Gastronok
  9808 | Lair:2   | Reached XP level 12. HP: 21/87 MP: 0/0
  9889 | Lair:2   | Noticed a seven-headed hydra
  9895 | Lair:2   | Killed a seven-headed hydra
  9912 | Lair:2   | Reached *** piety under Makhleb
 10117 | Lair:2   | Reached skill level 10 in Spellcasting
 10117 | Lair:2   | Reached skill level 10 in Conjurations
 10117 | Lair:2   | Reached skill level 10 in Hexes
 10117 | Lair:2   | Reached skill level 10 in Summonings
 10117 | Lair:2   | Reached skill level 10 in Necromancy
 10117 | Lair:2   | Reached skill level 10 in Translocations
 10117 | Lair:2   | Reached skill level 10 in Fire Magic
 10117 | Lair:2   | Reached skill level 10 in Ice Magic
 10117 | Lair:2   | Reached skill level 10 in Air Magic
 10117 | Lair:2   | Reached skill level 10 in Earth Magic
 10117 | Lair:2   | Reached skill level 10 in Alchemy
 10209 | Lair:2   | Noticed Nergalle
 10218 | Lair:2   | Killed Nergalle
 10241 | Lair:2   | Noticed a death yak
 10244 | Lair:2   | Noticed a death yak
 10245 | Lair:2   | Noticed a death yak
 10245 | Lair:2   | Noticed a death yak
 10249 | Lair:2   | Killed a death yak
 10251 | Lair:2   | Killed a death yak
 10252 | Lair:2   | Killed a death yak
 10252 | Lair:2   | Killed a death yak
 10803 | Lair:3   | Found a staircase to the Snake Pit.
 10810 | Lair:3   | Reached XP level 13. HP: 74/92 MP: 0/0
 10810 | Lair:3   | Learned a level 5 spell: Silence
 10981 | Lair:3   | Reached **** piety under Makhleb
 11010 | Lair:3   | Noticed a catoblepas
 11025 | Lair:3   | Killed a catoblepas
 11155 | Lair:3   | Found a staircase to the Shoals.
 11683 | Lair:4   | Noticed a catoblepas
 11683 | Lair:4   | Noticed a catoblepas
 11982 | Lair:4   | Noticed a seven-headed hydra
 11993 | Lair:4   | Killed a seven-headed hydra
 12360 | Lair:4   | Killed a catoblepas
 12383 | Lair:4   | Killed a catoblepas
 12658 | Lair:5   | Entered Level 5 of the Lair of Beasts
 12671 | Lair:5   | Reached XP level 14. HP: 88/102 MP: 0/0
 12727 | Lair:5   | Reached ***** piety under Makhleb
 12729 | Lair:5   | Reached skill level 10 in Fighting
 12761 | Lair:5   | Slain by a five-headed hydra

Illustrated notes

Levels and vault maps discovered:
D:1:      saegor_arrival_miasma, layout_basic, serial_co_window_serial,
          co_window_corner_a, co_window_paths_a, co_window_paths_b,
          co_window_paths_a, co_window_corner_a, co_window_paths_a,
          co_window_paths_b, co_window_corner_b, co_window_of_opportunity_c,
          co_window_unsneaky_path_b, co_window_paths_c, co_window_corner_b,
          co_window_paths_d, co_window_4corner_a, glass_columns_b,
          glass_columns_c, glass_columns_b, glass_columns_b,
          minmay_shallow_snake_nest
D:2:      layout_rooms, basic_ecumenical_altar, minmay_quadrilaterals,
          uniq_jessica
D:3:      layout_basic, nicolae_overflow_hidden_temple,
          mainiacjoe_overflow_paths, serial_co_window_serial, co_window_paths_b,
          co_window_paths_a, co_window_of_opportunity_a, co_window_paths_a,
          co_window_of_opportunity_a, co_window_unsneaky_path_a,
          co_window_corner_ca, co_window_corner_b, co_window_paths_c,
          co_window_paths_c, co_window_4corner_b, glass_columns_a,
          glass_columns_b, glass_columns_a, glass_columns_a, uniq_robin
D:4:      layout_basic, chequers_serial_rivers_micro_e
D:5:      layout_cave_pools, hellmonk_sif_muna_bookshelves, temple_pool_b,
          serial_bayou, serial_bayou_lagoon_a, serial_bayou_lake_a,
          serial_bayou_ford_a, serial_bayou_shore_b, minmay_holes
D:6:      layout_rooms, mainiacjoe_overflow_surrounded_room, uniq_jeremiah
D:7:      layout_basic
D:8:      layout_loops_ring, cheibriados_altar_1, lair_entry_dummy, uniq_grum,
          uniq_erica
D:9:      layout_cave_pools, mainiacjoe_overflow_cross_hatched,
          kb_lookout_dungeons_type
Temple:   compressed_dpeg_circular_temple
Lair:1:   layout_hall_layers, grunt_megastairs_2
Lair:2:   layout_cellular_growth, pdpol_lair_cavern_descent,
          serial_bayou_shore_b, lemuel_fruit_fields, uniq_gastronok,
          uniq_nergalle
Lair:3:   layout_roguey, minmay_shoals_entry_hut,
          minmay_snake_entry_guardpost_medium, lemuel_fruit_fields
Lair:4:   nzn_motion_control, layout_misc_corridors, serial_bayou_lagoon_b
Lair:5:   minmay_lair_end_frog_pond, layout_cellular_growth,
          dpeg_slime_entry_corner, lemuel_fruit_tree

Skill      XL: |  1  2  3  4  5  6  7  8  9 10 11 12 13 14 |
---------------+-------------------------------------------+-----
Spellcasting   | 4 5 6 7 9 11 13 | 13.7
Conjurations   | 4 5 6 7 9 11 13 | 13.7
Hexes          | 4 5 6 7 9 11 13 | 13.7
Summonings     | 4 5 6 7 9 11 13 | 13.7
Necromancy     | 4 5 6 7 9 11 13 | 13.7
Translocations | 4 5 6 7 9 11 13 | 13.7
Fire Magic     | 4 5 6 7 9 11 13 | 13.7
Ice Magic      | 4 5 6 7 9 11 13 | 13.7
Air Magic      | 4 5 6 7 9 11 13 | 13.7
Earth Magic    | 4 5 6 7 9 11 13 | 13.7
Alchemy        | 4 5 6 7 9 11 13 | 13.7
Fighting       | 1 4 6 7 8 9 10 | 10.3
Armour         | 1 4 6 7 8 |  8.8
Dodging        | 5 7 8 9 |  9.9
Stealth        | 2 4 5 |  5.3

Action                     |  1- 3 |  4- 6 |  7- 9 | 10-12 | 13-15 || total
---------------------------+-------+-------+-------+-------+-------++-------
  Melee: Staff             |       |       |       |     6 |     3 ||     9
   Cast: Magic Dart        |    52 |   100 |   117 |   174 |    72 ||   515
         Searing Ray       |       |     4 |     5 |     7 |       ||    16
         Iskenderun's Myst |       |     1 |    58 |   176 |   148 ||   383
         Fulminant Prism   |       |     1 |     8 |    20 |    19 ||    48
         Olgreb's Toxic Ra |       |       |       |     2 |     4 ||     6
         Anguish           |       |       |       |       |     1 ||     1
    Use: Scroll            |       |       |    19 |     5 |       ||    24
 Armour: Robe              |     3 |    15 |    34 |    42 |    50 ||   144
  Dodge: Dodged            |     3 |    10 |    21 |    57 |    46 ||   137

Table legend: (Time is in decaauts)
 A = Elapsed time spent in this place.
 B = Non-inter-level travel time spent in this place.
 C = Inter-level travel time spent in this place.
 D = Time resting spent in this place.
 E = Time spent auto-exploring this place.
 F = Levels seen in this place.
 G = Mean time per level.
                   A        B        C        D        E       F      G
               +--------+--------+--------+--------+--------+-----+--------+
         Total |  12819 |  12427 |    392 |      0 |   9662 |  15 |  854.6 |
       Dungeon |   9152 |   8828 |    324 |      0 |   7136 |   9 | 1016.9 |
        Temple |     20 |     11 |      9 |      0 |      0 |   1 |   20.0 |
          Lair |   3646 |   3588 |     58 |      0 |   2526 |   5 |  729.2 |
               +--------+--------+--------+--------+--------+-----+--------+

Top non-repeatable levels by time:
     D:3: 1634 daAuts
     D:4: 1567 daAuts
     D:5: 1192 daAuts
  Lair:3: 1112 daAuts
     D:1: 1044 daAuts
     D:7: 1012 daAuts
  Lair:2: 964 daAuts
  Lair:4: 908 daAuts
     D:8: 773 daAuts
     D:6: 665 daAuts
     D:2: 651 daAuts
     D:9: 612 daAuts
  Lair:1: 558 daAuts
  Lair:5: 102 daAuts
  Temple: 20 daAuts
